 Dungeon Crawl Stone Soup version 0.27.1-33-g824d729ab1 (webtiles) character file.

Game seed: 13328220513555781297

13672 sking99 the Slinger (level 11, 0/58 HPs)
             Began as a Spriggan Arcane Marksman on Dec 8, 2021.
             Was an Elder of Okawaru.
             Slain by an azure jelly (35 damage)
             ... in a bailey.
             The game lasted 00:50:13 (17524 turns).

sking99 the Slinger (Spriggan Arcane Marksman)     Turns: 17524, Time: 00:50:14

Health: 0/58       AC:  4    Str: 15    XL:     11   Next: 78%
Magic:  9/22       EV: 20    Int: 16    God:    Okawaru [****..]
Gold:   532        SH:  7    Dex: 15    Spells: 15/23 levels left

rFire    . . .     SeeInvis +   a - +1 hunting sling (vorpal)
rCold    . . .     Faith    .   r - +0 buckler
rNeg     . . .     Spirit   .   d - +0 robe
rPois    .         Reflect  .   (helmet restricted)
rElec    .         Harm     .   n - +1 cloak
rCorr    .         Rampage  .   (gloves unavailable)
Will     +....                  (boots unavailable)
Stlth    +.........             (no amulet)
HPRegen  0.19/turn              E - +6 ring of strength
MPRegen  0.18/turn              o - ring of wizardry

@: very quick
A: very small, no large weapons, unfitting armour, see invisible, speed 3
a: Renounce Religion, Heroism


You were in a bailey.
You worshipped Okawaru.
Okawaru was greatly pleased with you.
You visited 1 branch of the dungeon, and saw 9 of its levels.
You also visited: Bailey.

You collected 532 gold pieces.

Inventory:

Hand Weapons
 a - a +1 vorpal hunting sling (weapon)
Missiles
 i - 3 throwing nets
Armour
 d - a +0 robe (worn)
 n - a +1 cloak (worn)
 r - a +0 buckler (worn)
Jewellery
 f - an amulet of guardian spirit
 o - a ring of wizardry (right hand)
 q - a ring of protection from fire
 v - a ring of positive energy
 D - a +4 ring of evasion
 E - a +6 ring of strength (left hand)
Wands
 k - a wand of mindburst (1)
 s - a wand of polymorph (4)
 x - a wand of paralysis (16)
Scrolls
 e - 2 scrolls of magic mapping
 h - 2 scrolls of holy word
 j - 3 scrolls of fear
 w - 3 scrolls of identify
 y - a scroll of blinking {unknown}
 z - a scroll of enchant weapon
 A - 3 scrolls of amnesia {unknown}
 C - a scroll of torment {unknown}
 G - a scroll of fog {unknown}
 I - a scroll of acquirement
Potions
 b - 2 potions of heal wounds
 l - 2 potions of curing {unknown}
 m - a potion of attraction {unknown}
 p - 2 potions of mutation
 t - 3 potions of brilliance {unknown}
 u - a potion of haste
 B - a potion of ambrosia {unknown}
 F - a potion of might {unknown}


   Skills:
 + Level 7.3 Fighting
 - Level 12.0 Slings
 - Level 7.1 Dodging
 * Level 6.8 Shields
 - Level 6.7 Spellcasting
 - Level 6.0 Hexes
 - Level 5.0 Translocations
 - Level 2.0 Invocations


You had 15 spell levels left.
You knew the following spells:

 Your Spells              Type           Power      Damage    Failure   Level
a - Corona                Hex            26%        N/A       1%          1
b - Portal Projectile     Hex/Tloc       44%        N/A       1%          3
c - Cause Fear            Hex            12%        N/A       4%          4

Your spell library contained the following spells:

 Spells                   Type           Power      Damage    Failure   Level
 Slow                     Hex            24%        N/A       1%          2
 Ensorcelled Hibernation  Hex/Ice        28%        N/A       2%          2
 Inner Flame              Hex/Fire       14%        N/A       4%          3
 Beastly Appendage        Tmut           10%        N/A       5%          1
 Foxfire                  Conj/Fire      20%        2x1d5     5%          1
 Magic Dart               Conj           20%        1d4       5%          1
 Call Imp                 Summ           5%         N/A       8%          2
 Passwall                 Tmut/Erth      4%         N/A       8%          2
 Wereblood                Tmut           5%         N/A       8%          2
 Conjure Flame            Conj/Fire      5%         6-21      16%         3
 Ignite Poison            Fire/Tmut/Pois 5%         N/A       16%         3
 Mephitic Cloud           Conj/Pois/Air  5%         N/A       16%         3
 Spider Form              Tmut/Pois      2%         N/A       16%         3
 Swiftness                Air            5%         N/A       16%         3
 Invisibility             Hex            12%        N/A       52%         6
 Bolt of Magma            Conj/Fire/Erth 2%         4d4       77%         5
 Shadow Creatures         Summ           N/A        N/A       99%         6


Dungeon Overview and Level Annotations

Branches:
Dungeon (9/15)             Temple (0/1) D:6            Lair (0/6) D:8
 Bailey (1/1)
    Orc: D:9-12

Altars:
Cheibriados
Hepliaklqana
Okawaru
Ru
Xom
Zin

Shops:
D:6 [


Innate Abilities, Weirdness & Mutations

You are very small and have problems with some larger weapons.
You are too small for most types of armour.
You have supernaturally acute eyesight. (SInv)
You cover ground extremely quickly. (Speed+++)


Message History

The orc knight closely misses you.
You magically shoot a sling bullet.
The sling bullet hits the orc knight.
The orc knight is severely wounded.
You magically shoot a sling bullet.
The sling bullet hits the orc knight.
The orc knight is severely wounded.
You are no longer teleporting projectiles to their destination.
You block the orc knight's attack.
You shoot a stone.
The stone completely misses the orc knight.
The stone hits the azure jelly.
The azure jelly is lightly wounded.
There is an open door here.
Things that are here:
a +0 hand axe; a +0 leather armour; an orc corpse You shoot a stone.
The stone barely misses the azure jelly.
The stone closely misses the orc knight.
You shoot a stone.
The stone barely misses the azure jelly.
The stone hits the orc knight but does no damage.
The orc knight is severely wounded.
You shoot a stone. The stone hits the azure jelly.
The azure jelly is lightly wounded.
You feel like a meek peon again.
You shoot a stone.
The stone barely misses the azure jelly.
The stone hits the orc knight but does no damage.
The orc knight is severely wounded.
You see here a sling bullet.
You see here 2 sling bullets.
You see here 2 sling bullets.
Items here: )) [[.
You block the goblin's attack.
You clumsily bash the goblin but do no damage.
The goblin hits you with a +0 war axe.
You clumsily bash the goblin but do no damage.
The azure jelly completely misses you. The azure jelly hits you.
The azure jelly freezes you!!
Ouch! That really hurt!
You die...

⌠.....g.....
#.....(.).)).()
.....8#.....
#...o...(..[+)(
.....8##....
#......).).[#[.
.....###....
###....((...##..
...###.###..
###.###.(.).###♣..
.#'#.....###
###.....#.#.### ♣♣♣
##.........###.......o.###
#...........#.....).....#
#......J....#..g@J)((...#
#.....⌠.....#.)...⌠.....#
#...........)...........#
#...........#...........#
##.........###........)##
###.....### ###.....###
###.### ###.### ### ###


You could see an azure jelly, an orc knight and a goblin.

Vanquished Creatures
  An orc knight (Bailey)
  A komodo dragon (D:8)
  6 yaks (D:8)
  A wyvern (D:8)
  3 steam dragons
  2 water moccasins
  13 orc warriors (Bailey)
  3 black bears
  5 ice beasts
  A sky beast (D:6)
  2 centaurs
  2 ogres
  A phantom (D:7)
  A kobold brigand (D:8)
  A gnoll sergeant (D:8)
  2 bullfrogs
  3 scorpions (D:5)
  A water moccasin zombie (D:5)
  3 wights (D:8)
  2 electric eels (D:8)
  5 howler monkeys
  5 bullfrog zombies
  A centaur zombie (D:8)
  4 jellies
  2 hounds (D:6)
  5 orc priests
  A bullfrog skeleton (D:7)
  A centaur skeleton (D:4)
  A gnoll shaman (D:9)
  A scorpion zombie (D:5)
  3 iguanas (D:5)
  4 orc wizards
  A hound skeleton (D:5)
  26 gnolls
  6 adders
  An adder zombie (D:5)
  An adder skeleton (D:4)
  A worm (D:4)
  A dart slug (D:2)
  32 orcs
  7 ball pythons
  2 endoplasms
  4 giant cockroaches
  25 goblins
  22 hobgoblins
  2 jackals (D:5)
  2 quokkas (D:2)
  2 bats
  2 frilled lizards
  A jackal skeleton (D:4)
  8 kobolds
  A quokka skeleton (D:4)
  10 rats
244 creatures vanquished.

Vanquished Creatures (others)
  38 plants (D:8)
38 creatures vanquished.

Grand Total: 282 creatures vanquished

Notes
Turn   | Place    | Note
-------+----------+-------------------------------------------
     0 | D:1      | sking99 the Spriggan Arcane Marksman began the quest for
                  | the Orb.
     0 | D:1      | Reached XP level 1. HP: 9/9 MP: 3/3
    40 | D:1      | You fall into a shaft and drop 1 floor!
   294 | D:1      | Reached skill level 1 in Fighting
   294 | D:1      | Reached XP level 2. HP: 14/14 MP: 5/5
   559 | D:1      | Reached skill level 3 in Slings
   737 | D:2      | Reached XP level 3. HP: 18/18 MP: 6/6
   774 | D:2      | Learned a level 3 spell: Portal Projectile
  1779 | D:3      | Found a faded altar of an unknown god.
  1802 | D:3      | Got Plato's Guide on Shape Shifting
  1873 | D:3      | Reached XP level 4. HP: 19/22 MP: 8/8
  2069 | D:3      | Found an iron altar of Okawaru.
  2086 | D:3      | Became a worshipper of Warmaster Okawaru
  2655 | D:4      | Noticed Edmund
  2818 | D:4      | Noticed an ogre
  2963 | D:4      | Killed an ogre
  2964 | D:4      | Reached skill level 4 in Slings
  2964 | D:4      | Reached skill level 1 in Translocations
  2964 | D:4      | Reached XP level 5. HP: 26/26 MP: 5/10
  3392 | D:4      | HP: 1/26 [orc priest/divine providence (10)]
  4157 | D:4      | Reached XP level 6. HP: 16/30 MP: 7/11
  4523 | D:4      | Reached skill level 5 in Slings
  4591 | D:4      | Noticed Edmund
  4591 | D:4      | Edmund changed into Edmund the steam dragon
  4617 | D:4      | HP: 1/30 [something/ball of steam (20)]
  5175 | D:4      | Killed Edmund the steam dragon
  5264 | D:4      | Found a hazy altar of Hepliaklqana.
  5291 | D:5      | Entered Level 5 of the Dungeon
  5339 | D:5      | Found a snail-covered altar of Cheibriados.
  5722 | D:5      | Found a sacrificial altar of Ru.
  5764 | D:5      | Reached skill level 6 in Slings
  5764 | D:5      | Reached XP level 7. HP: 35/35 MP: 12/12
  5784 | D:5      | Learned a level 4 spell: Cause Fear
  5824 | D:5      | Reached * piety under Okawaru
  5825 | D:5      | Reached skill level 5 in Dodging
  6745 | D:5      | Reached skill level 1 in Invocations
  7304 | D:5      | Reached skill level 7 in Slings
  7429 | D:5      | Reached skill level 5 in Translocations
  7429 | D:5      | Reached XP level 8. HP: 36/40 MP: 2/13
  8076 | D:6      | Reached ** piety under Okawaru
  8548 | D:6      | Reached skill level 8 in Slings
  8672 | D:6      | Reached skill level 5 in Hexes
  9186 | D:6      | Found a staircase to the Ecumenical Temple.
  9232 | D:6      | Found Suuj Puu's Antique Armour Emporium.
  9305 | D:6      | Reached XP level 9. HP: 45/45 MP: 14/14
  9416 | D:6      | Reached skill level 9 in Slings
 10208 | D:7      | Reached *** piety under Okawaru
 10232 | D:7      | Reached skill level 1 in Shields
 11106 | D:7      | Received a gift from Okawaru
 11746 | D:7      | Found a glowing silver altar of Zin.
 11795 | D:8      | Found a staircase to the Lair.
 11796 | D:8      | Noticed a komodo dragon
 11845 | D:8      | Killed a komodo dragon
 12492 | D:8      | Reached skill level 5 in Fighting
 12801 | D:8      | Noticed a manticore
 12810 | D:8      | Reached skill level 10 in Slings
 13117 | D:8      | Reached **** piety under Okawaru
 13118 | D:8      | Reached XP level 10. HP: 51/51 MP: 0/15
 13509 | D:8      | Found a shimmering altar of Xom.
 15405 | D:9      | Found a flagged portal.
 15525 | D:9      | Reached skill level 5 in Shields
 15580 | Bailey   | Entered a bailey
 16976 | Bailey   | Noticed an orc knight
 16997 | Bailey   | Killed an orc knight
 16998 | Bailey   | Reached skill level 11 in Slings
 17083 | Bailey   | Received a gift from Okawaru
 17285 | Bailey   | Noticed an orc warlord
 17305 | Bailey   | Reached skill level 12 in Slings
 17305 | Bailey   | Reached XP level 11. HP: 48/58 MP: 9/22
 17325 | Bailey   | Noticed an azure jelly
 17325 | Bailey   | an orc warlord changed into an azure jelly
 17447 | Bailey   | Noticed an orc knight
 17524 | Bailey   | Slain by an azure jelly

Illustrated notes

Levels and vault maps discovered:
D:1:      psy_arrival_radial01, layout_rooms, serial_glass, glass_columns_b,
          glass_columns_c, st_stairs_14, minmay_rat_gold_closets
D:2:      layout_basic, grunt_ministairs_4
D:3:      layout_loops_ring, mainiacjoe_overflow_alcove_4,
          shapermc_ecumenical_altar_rom_forum, minmay_goblin_outpost
D:4:      layout_basic, lemuel_coloured_pillars_altar, uniq_edmund
D:5:      minmay_spotlight, layout_basic, mainiacjoe_overflow_catch_the_wave
D:6:      layout_basic, minmay_temple_entry_overgrown, serial_shops,
          nicolae_diamond_shop
D:7:      layout_basic, marbit_many_paths
D:8:      layout_loops_corners, xom_butterflies, david_lair_shrubbed,
          kennysheep_cross_bottleneck
D:9:      layout_basic, enter_bailey_2
Bailey:   bailey_axe_minmay_hex_keep, bailey

Skill      XL: |  1  2  3  4  5  6  7  8  9 10 |
---------------+-------------------------------+-----
Fighting       | 1 2 3 4 5 7 |  7.3
Slings         | 3 4 6 7 8 10 12 | 12.0
Dodging        | 3 4 5 7 |  7.1
Spellcasting   | 2 3 6 |  6.7
Hexes          | 4 5 6 |  6.0
Translocations | 1 2 3 5 |  5.0
Invocations    | 1 2 |  2.0
Shields        | 4 6 |  6.8

Action                   |  1- 3 |  4- 6 |  7- 9 | 10-12 || total
-------------------------+-------+-------+-------+-------++-------
Melee: Hunting sling     |     1 |       |       |     6 ||     7
 Fire: Hunting sling     |   124 |   259 |   644 |   552 ||  1579
Throw: Throwing net      |       |       |       |     1 ||     1
 Cast: Corona            |     7 |    16 |     1 |       ||    24
       Portal Projectile |       |     2 |    28 |    31 ||    61
       Cause Fear        |       |       |       |     2 ||     2
Invok: Heroism           |       |       |     6 |    14 ||    20
Evoke: Wand              |       |     5 |       |     4 ||     9
  Use: Scroll            |       |     7 |     3 |     2 ||    12
       Potion            |       |       |       |     2 ||     2
Armor: Robe              |     5 |    11 |    10 |     7 ||    33
Dodge: Dodged            |    32 |    92 |   144 |    74 ||   342
Block: Buckler           |       |       |    14 |    40 ||    54
